 Dungeon Crawl Stone Soup version 0.28-a0-1524-ge72afd5fc6 (webtiles) character file.

Game seed: 14515634126510560806

49 horus123 the Skirmisher (level 3, 0/36 HPs)
             Began as a Hill Orc Monk on Jan 17, 2022.
             Killed from afar by an orc wizard (7 damage)
             ... with a magic dart
             ... on level 3 of the Dungeon.
             The game lasted 00:03:11 (2637 turns).

horus123 the Skirmisher (Hill Orc Monk)             Turns: 2637, Time: 00:03:12

Health: 0/36       AC:  5    Str: 15    XL:     3   Next: 77%
Magic:  3/3        EV:  9    Int: 10    God:
Gold:   131        SH:  0    Dex: 13    Spells: 2/2 levels left

rFire   . . .      SeeInvis +   a - +0 hand axe
rCold   . . .      Faith    .   j - +0 kite shield
rNeg    . . .      Spirit   .   p - +0 ring mail
rPois   .          Reflect  .   (no helmet)
rElec   .          Harm     .   (no cloak)
rCorr   .          Rampage  .   (no gloves)
Will    .....                   (no boots)
Stlth   ..........              (no amulet)
HPRegen 0.12/turn               m - ring of see invisible
MPRegen 0.08/turn               (no ring)

@: confused
A: deterioration 1, MP-powered wands
a: no special abilities


You were on level 3 of the Dungeon.
You visited 1 branch of the dungeon, and saw 3 of its levels.

You collected 131 gold pieces.

Inventory:

Hand Weapons
 a - a +0 hand axe (weapon)
Armour
 b - a +0 robe
 d - a +0 leather armour
 j - a +0 kite shield (worn)
 p - a +0 ring mail (worn)
Jewellery
 m - a ring of see invisible (left hand)
Wands
 l - a wand of paralysis (11)
 n - a wand of flame (9)
Scrolls
 k - a scroll of magic mapping {unknown}
Potions
 c - a potion of degeneration {unknown}
 e - a potion of mutation
 g - a potion of resistance {unknown}
 h - a potion of cancellation {unknown}
 i - a potion of attraction {unknown}
 o - a potion of brilliance {unknown}
 q - a potion of lignification {unknown}


   Skills:
 - Level 5.0 Fighting
 - Level 4.0 Axes
 - Level 2.4 Dodging
 - Level 1.5 Stealth
 + Level 1.8 Shields


You had 2 spell levels left.
You didn't know any spells.
Your spell library contained the following spells:

 Spells                   Type           Power      Damage    Failure   Level
 Sublimation of Blood     Necr           0%         N/A       98%         2
 Wereblood                Tmut           0%         N/A       98%         2
 Petrify                  Tmut/Erth      0%         N/A       100%        4
 Irradiate                Conj/Tmut      0%         3d13      100%        5
 Summon Hydra             Summ           0%         N/A       100%        7


Dungeon Overview and Level Annotations

Branches:
Dungeon (3/15)

Altars:


Innate Abilities, Weirdness & Mutations

Your body sometimes deteriorates upon taking damage.
You expend magic power (3 MP) to strengthen your wands.


Message History

You block the orc wizard's attack. The orc hits you with a +0 dagger.
* * * LOW HITPOINT WARNING * * *
You hit the orc wizard but do no damage.
You hit the orc but do no damage. You block the orc wizard's attack.
The orc closely misses you.
You barely miss the orc wizard. You hit the orc.
The orc wizard hits you but does no damage.
You block the orc's attack. You block the orc wizard's attack.
You hit the orc wizard.
The orc wizard is lightly wounded.
You hit the orc but do no damage. The orc misses you.
You block the orc wizard's attack. You block the orc's attack.
You hit the orc wizard but do no damage.
The orc wizard is lightly wounded.
You barely miss the orc.
The orc wizard hits you with a +0 dagger.
* * * LOW HITPOINT WARNING * * *
You block the orc's attack.
You completely miss the orc wizard.
The orc wizard is lightly wounded.
You hit the orc but do no damage.
The orc wizard hits you but does no damage.
The orc hits you but does no damage.
The orc wizard gestures at you while chanting.
You are confused.
You bump into the stone wall.
The orc closely misses you.
The orc wizard gestures at you while chanting.
You are more confused.
You barely miss the orc wizard.
The orc wizard is lightly wounded.
You barely miss the orc. The orc hits you but does no damage.
The orc wizard hits you with a +0 dagger.
* * * LOW HITPOINT WARNING * * *
The orc closely misses you.
You hit the orc wizard but do no damage.
The orc wizard is lightly wounded.
You hit the orc but do no damage.
The orc wizard points at you and mumbles some strange words.
The magic dart hits you!
You die...

........#...........
........#..######..#
#########...#..........#
........#...#..........+
........#...#..........#
#........#...#..........#
#........#...#..........#
#........#...# .........
#.......@#...# ########.
#......oo#...#
#........#...# .
#........#...# .
#.......)'...# #
#.......)#o..# #
#........#...# .
#........#...# #####
#........#...# .....


You could see an orc wizard (invisible) and an orc.

Vanquished Creatures
  4 dart slugs
  3 orcs (D:3)
  6 ball pythons
  4 bats
  2 endoplasms
  A giant cockroach (D:2)
  6 hobgoblins
  2 quokkas (D:1)
  2 frilled lizards (D:1)
  3 kobolds
  3 rats (D:2)
36 creatures vanquished.

Notes
Turn   | Place    | Note
-------+----------+-------------------------------------------
     0 | D:1      | horus123 the Hill Orc Monk began the quest for the Orb.
     0 | D:1      | Reached XP level 1. HP: 19/19 MP: 1/1
    52 | D:1      | Reached skill level 4 in Fighting
   132 | D:1      | Reached XP level 2. HP: 25/27 MP: 2/2
  1205 | D:2      | Reached XP level 3. HP: 29/35 MP: 3/3
  1344 | D:2      | Reached skill level 5 in Fighting
  2183 | D:2      | Reached skill level 1 in Shields
  2623 | D:3      | Gained mutation: Your body sometimes deteriorates upon
                  | taking damage. [potion of mutation]
  2623 | D:3      | Gained mutation: You expend magic power (3 MP) to
                  | strengthen your wands. [potion of mutation]
  2637 | D:3      | Killed from afar by an orc wizard

Illustrated notes

Levels and vault maps discovered:
D:1:      lightli_arrival_boilingwater, layout_loops_ring,
          shapermc_ecumenical_altar_petra
D:2:      layout_loops_corners, minivault_5
D:3:      layout_basic

Skill      XL: |  1  2  3 |
---------------+----------+-----
Fighting       | 4 5 |  5.0
Shields        | 1 |  1.8
Axes           | |  4.0
Dodging        | |  2.4
Stealth        | |  1.5

Action                   || total
-------------------------++-------
Melee: Hand axe          ||   134
  Use: Scroll            ||     4
       Potion            ||     3
 Stab: Sleeping          ||     3
Armor: Robe              ||    10
       Ring mail         ||    15
       Leather armour    ||     7
Dodge: Dodged            ||    74
Block: Kite shield       ||    29

Table legend: (Time is in decaauts)
 A = Elapsed time spent in this place.
 B = Non-inter-level travel time spent in this place.
 C = Inter-level travel time spent in this place.
 D = Time resting spent in this place.
 E = Time spent auto-exploring this place.
 F = Levels seen in this place.
 G = Mean time per level.
                   A        B        C        D        E       F      G
               +--------+--------+--------+--------+--------+-----+--------+
         Total |   2664 |   2590 |     74 |    122 |   2059 |   3 |  888.0 |
       Dungeon |   2664 |   2590 |     74 |    122 |   2059 |   3 |  888.0 |
               +--------+--------+--------+--------+--------+-----+--------+

Top non-repeatable levels by time:
     D:2: 1379 daAuts
     D:1: 948 daAuts
     D:3: 336 daAuts
